 Dungeon Crawl Stone Soup version 0.31.0-11-ge490571c62 (webtiles) character file.

Game seed: 18224151344735350495

22166 hawla the Cruncher (level 12, -6/62 (64) HPs)
             Began as a Deep Elf Conjurer on Feb 5, 2024.
             Was an Elder of Vehumet.
             Mangled by a skeletal warrior
             ... wielding a +0 glaive
              (16 damage)
             ... on level 12 of the Dungeon.
             The game lasted 00:54:17 (18087 turns).

hawla the Cruncher (Deep Elf Conjurer)             Turns: 18087, Time: 00:54:18

HP:   -6/62 (64)    AC:  9    Str:  2    XL:     12   Next: 60%
MP:   10/36         EV: 13    Int: 33    God:    Vehumet [****..]
Gold: 131           SH: 10    Dex: 13    Spells: 12/29 levels left

rFire   . . .        q - +7 flail of the Inquisitive Dreams {speed, rN++ Str-2}
rCold   . . .        c - +0 buckler
rNeg    + + .        a - +1 robe
rPois   .            N - +2 hat
rElec   .            w - +1 cloak
rCorr   .            h - +0 pair of gloves
SInv    .            F - +0 pair of boots
Will    +....        z - amulet of reflection
Stlth   ++           A - ring of magical power
HPRegen 0.30/turn    k - +6 ring of intelligence
MPRegen 0.25/turn

%: reflection
@: lightly drained
A: dopey 1
a: Renounce Religion


You were on level 12 of the Dungeon.
You worshipped Vehumet.
Vehumet was greatly pleased with you.
You visited 3 branches of the dungeon, and saw 15 of its levels.

You collected 761 gold pieces.
You spent 630 gold pieces at shops.

Inventory:

Hand Weapons
 m - a +0 heavy quarterstaff
 q - the +7 flail of the Inquisitive Dreams (weapon) {speed, rN++ Str-2}
   (You found it on level 11 of the Dungeon)

   Str-2:     It affects your strength (-2).
   rN++:      It greatly protects you from negative energy.
 H - a +2 dagger of distortion
Missiles
 b - 4 darts of dispersal
 j - 7 poisoned darts
 L - 2 curare-tipped darts
Armour
 a - a +1 robe (worn)
 c - a +0 buckler (worn)
 h - a +0 pair of gloves (worn)
 w - a +1 cloak (worn)
 F - a +0 pair of boots (worn)
 N - a +2 hat (worn)
Magical Staves
 M - a staff of air
Jewellery
 d - an amulet of regeneration
 g - a +5 ring of evasion
 k - a +6 ring of intelligence (right hand)
 o - a +5 ring of evasion
 z - an amulet of reflection (around neck)
 A - a ring of magical power (left hand)
 B - a +6 ring of strength
 K - an amulet of guardian spirit
Talismans
 x - a maw talisman
Wands
 n - a wand of roots (6)
 t - a wand of flame (7) (quivered)
 G - a wand of polymorph (4)
Scrolls
 f - a scroll of amnesia
 i - a scroll of identify
 r - a scroll of fog
 v - a scroll of vulnerability
 y - a scroll of revelation
 C - a scroll of blinking
 J - 2 scrolls of enchant armour
Potions
 e - 5 potions of curing
 l - a potion of lignification
 p - 2 potions of haste
 s - 3 potions of cancellation
 E - 4 potions of attraction
Miscellaneous
 I - a phantom mirror


   Skills:
 - Level 3.0 Fighting
 - Level 14.0 Staves
 - Level 6.0 Throwing
 - Level 6.0 Dodging
 - Level 4.0 Stealth
 - Level 5.0 Shields
 - Level 9.0 Spellcasting
 - Level 7.0 Conjurations
 - Level 5.0 Hexes
 - Level 4.0 Translocations
 - Level 3.0 Ice Magic
 - Level 2.0 Air Magic
 + Level 6.2 Evocations


You had 12 spell levels left.
You knew the following spells:

 Your Spells              Type           Power      Damage    Failure   Level
a - Magic Dart            Conj           100%       1d8       1%          1
b - Searing Ray           Conj           100%       2d8       1%          2
c - Iskenderun's Mystic   Conj/Tloc      50%        2d11      1%          4
d - Dazzling Flash        Conj/Hex       100%       N/A       1%          3
e - Blink                 Tloc           82%        N/A       1%          2
f - Freezing Cloud        Conj/Ice/Air   20%        6-21      10%         5

Your spell library contained the following spells:

 Spells                   Type           Power      Damage    Failure   Level
 Frozen Ramparts          Ice            68%        1d11      1%          3
 Lesser Beckoning         Tloc           82%        N/A       1%          2
 Mercury Vapours          Alch/Air       42%        N/A       1%          2
 Momentum Strike          Conj/Tloc      100%       3d10      1%          2
 Mephitic Cloud           Conj/Alch/Air  34%        N/A       1%          3
 Fulminant Prism          Conj/Alch      18%        3d11      4%          4
 Silence                  Hex/Air        18%        N/A       41%         5
 Curse of Agony           Necr           14%        N/A       88%         5


Dungeon Overview and Level Annotations

Branches:
Dungeon (12/15)            Temple (1/1) D:5            Lair (2/5) D:10
 Shoals (0/4) Lair:2       Spider (0/4) Lair:2
    Orc: D:9-12

Altars:
Ashenzari
Cheibriados
Dithmenos
Elyvilon
Fedhas
Gozag
Hepliaklqana
Kikubaaqudgha
Makhleb
Nemelex Xobeh
Okawaru
Qazlal
Ru
Sif Muna
Trog
Uskayaw
Vehumet
Wu Jian
Xom
Yredelemnul
Zin
The Shining One

Shops:
D:5 *

Annotations:
D:8 dig the loot
Lair:1 1 runed translucent door, 2 transporters, gummybears's ghost, journeyman OpSh
Lair:2 3 runed translucent doors, asd2613's ghost, journeyman FoFi


Innate Abilities, Weirdness & Mutations

You are dopey. (Int -2)


Message History

The soul eater draws from the surrounding life force!
The soul eater is healed.
A soul eater comes into view.
Okay, then.
Okay, then.
The soul eater draws from the surrounding life force!
The soul eater attacks as it pursues you!
The soul eater hits you but does no damage.
The soul eater draws from the surrounding life force!
The soul eater is healed.
Blink to where?
Press: ? - help, Dir - move target, p - soul eater
As you read the scroll of blinking, it crumbles to dust.
There is a stone staircase leading down here.
You climb downwards.
The tengu conjurer shouts!
The tengu warrior shouts!
Found a dagger.
There is a stone staircase leading up here.
Blink to where?
Press: ? - help, Dir - move target
Okay, then.
Casting: Searing Ray (safe; 1% risk of failure)
Confirm with . or Enter, or press ? or * to list all spells.
You blink.
Found a book of Callings.
Found 24 gold pieces.
You feel ready to blink again.
Found an escape hatch in the ceiling.
Found a potion of heal wounds, 14 gold pieces and a scroll of teleportation.
A skeletal warrior comes into view. It is wielding a +0 short sword.
A skeletal warrior comes into view. It is wielding a +0 glaive.
The skeletal warrior moves out of view.
The tengu conjurer casts a spell at you.
The bolt of lightning hits you!!!
Ouch! That really hurt!
* * * LOW HITPOINT WARNING * * *
You hear an angry hiss.
You hear a bellow!
A skeletal warrior comes into view. It is wielding a +0 short sword.
There is an escape hatch in the ceiling here.
The skeletal warrior hits you from afar with a +0 glaive!
You die...

#.......Q..........
..#....##........# ##
##...##........# #.
.....##.......## ...
..............## #...
..Q#............
#....#.##.##.####..#
#...#.#............
#...@zQ...........
##...##z....:.....
#.$z##!..........
#.................
......?..$.........
....................
...#..#..............
#.##..#..#.........


You could see 3 skeletal warriors, a tengu warrior and a tengu conjurer.

Vanquished Creatures
  Gastronok (D:8)
  A hydra (Lair:2)
  A boulder beetle (Lair:1)
  A two-headed ogre (D:11)
  A soul eater (D:11)
  A sixfirhy (D:11)
  An orb spider (Lair:2)
  A manticore (Lair:2)
  4 elephants
  3 black mambas
  A torpor snail (Lair:2)
  A gargoyle (D:9)
  4 cane toads
  An unseen horror (D:11)
  Psyche (D:10)
  5 komodo dragons
  A hornet (Lair:1)
  A troll (D:10)
  Grinder (D:5)
  2 polar bears
  A wind drake (Lair:2)
  4 blink frogs (Lair:1)
  A shadow (D:10)
  2 wyverns
  23 yaks
  A basilisk (D:10)
  Edmund (D:5)
  6 water moccasins
  4 black bears
  4 orc warriors
  An ogre (D:7)
  7 centaurs
  An ice beast (D:6)
  A phantom (D:5)
  4 wolves (Lair:2)
  3 kobold brigands
  8 bullfrogs
  2 gnoll sergeants
  2 scorpions
  10 wights (D:9)
  10 killer bees
  A howler monkey (D:10)
  3 bombardier beetles
  2 quasits (D:11)
  2 jellies
  2 sleepcaps
  3 orc priests
  A hound (D:6)
  3 gnoll boudas
  2 iguanas (D:4)
  9 orc wizards
  29 gnolls
  6 adders
  3 white imps
  2 ribbon worms
  A dart slug (D:3)
  32 orcs
  6 endoplasms
  5 goblins
  11 hobgoblins
  54 kobolds
  2 quokkas (D:3)
  9 ball pythons
  4 bats (D:3)
  2 frilled lizards (D:1)
  A rat (D:2)
324 creatures vanquished.

Notes
Turn   | Place    | Note
-------+----------+-------------------------------------------
     0 | D:1      | hawla the Deep Elf Conjurer began the quest for the Orb.
     0 | D:1      | Reached XP level 1. HP: 10/10 MP: 6/6
   101 | D:1      | Reached skill level 1 in Fighting
   173 | D:1      | Reached XP level 2. HP: 16/16 MP: 5/8
   977 | D:2      | Learned a level 2 spell: Searing Ray
  1018 | D:2      | Found a faded altar of an unknown god.
  1251 | D:2      | Reached XP level 3. HP: 21/21 MP: 4/9
  2243 | D:3      | Reached XP level 4. HP: 26/26 MP: 4/10
  2651 | D:3      | Found a shimmering altar of Xom.
  2658 | D:3      | Found a hide-covered altar of Uskayaw.
  2898 | D:3      | Noticed a kobold brigand
  2904 | D:3      | Reached XP level 5. HP: 30/30 MP: 5/11
  2907 | D:3      | Reached skill level 5 in Dodging
  3332 | D:3      | Reached XP level 6. HP: 32/35 MP: 4/12
  3478 | D:3      | Reached skill level 5 in Conjurations
  3650 | D:3      | Learned a level 4 spell: Iskenderun's Mystic Blast
  4252 | D:4      | Reached XP level 7. HP: 24/40 MP: 3/13
  4603 | D:4      | Found a sparkling altar of Nemelex Xobeh.
  5012 | D:4      | Reached skill level 1 in Translocations
  5292 | D:5      | Entered Level 5 of the Dungeon
  5433 | D:5      | Reached skill level 1 in Evocations
  5498 | D:5      | Found a staircase to the Ecumenical Temple.
  5549 | Temple   | Entered the Ecumenical Temple
  5569 | Temple   | Became a worshipper of Vehumet
  5665 | D:5      | Noticed Edmund
  5673 | D:5      | Killed Edmund
  5775 | D:5      | Found Guanek's Specific Store.
  5778 | D:5      | Found Qeet's General Store.
  5789 | D:5      | Bought a potion of ambrosia for 96 gold pieces
  5789 | D:5      | Bought a scroll of identify for 24 gold pieces
  5789 | D:5      | Bought a potion of heal wounds for 60 gold pieces
  5789 | D:5      | Bought a scroll of identify for 24 gold pieces
  5812 | D:5      | Noticed Grinder
  5817 | D:5      | Paralysed by Grinder for 5 turns
  5829 | D:6      | Reached XP level 8. HP: 17/44 MP: 9/14
  5974 | D:5      | Killed Grinder
  5975 | D:5      | Reached skill level 5 in Evocations
  5975 | D:5      | Reached skill level 5 in Spellcasting
  6135 | D:5      | Learned a level 3 spell: Dazzling Flash
  6582 | D:6      | Found a basalt altar of Yredelemnul.
  6647 | D:6      | Reached * piety under Vehumet
  6647 | D:6      | Offered knowledge of Shock by Vehumet.
  7220 | D:7      | Found a stormy altar of Qazlal.
  7239 | D:7      | Reached skill level 1 in Hexes
  7242 | D:7      | Reached XP level 9. HP: 48/48 MP: 7/24
  7684 | D:7      | Reached skill level 5 in Hexes
  7841 | D:7      | Reached skill level 1 in Staves
  7896 | D:7      | Reached skill level 2 in Staves
  8467 | D:8      | Noticed Gastronok
  8495 | D:8      | Killed Gastronok
  8496 | D:8      | Reached skill level 7 in Staves
  8585 | D:8      | Found a broken altar of Ashenzari.
  8586 | D:8      | Found a shimmering blue altar of Sif Muna.
  8697 | D:8      | Found an ancient bone altar of Kikubaaqudgha.
  9026 | D:8      | Noticed an efreet
  9030 | D:8      | Noticed a tengu conjurer
  9031 | D:8      | Noticed a boulder beetle
  9337 | D:9      | Reached XP level 10. HP: 53/53 MP: 20/25
  9337 | D:9      | Reached ** piety under Vehumet
  9451 | D:9      | Offered knowledge of Sandblast by Vehumet.
  9452 | D:9      | Reached skill level 8 in Staves
  9592 | D:9      | Found a transporter.
  9594 | D:9      | Found a transporter.
  9598 | D:9      | Found a transporter.
  9765 | D:9      | Found a snail-covered altar of Cheibriados.
  9963 | D:9      | Reached skill level 9 in Staves
 10094 | D:9      | Found a transporter.
 10173 | D:10     | Entered Level 10 of the Dungeon
 10191 | D:10     | Noticed a gargoyle
 10291 | D:9      | Gained mutation: You are dopey. (Int -2) [potion of
                  | mutation]
 10649 | D:10     | Offered knowledge of Inner Flame by Vehumet.
 10653 | D:10     | Learned a level 2 spell: Blink
 10663 | D:10     | Noticed an elephant
 10674 | D:10     | Killed an elephant
 10843 | D:10     | Found a shadowy altar of Dithmenos.
 10869 | D:10     | Reached skill level 10 in Staves
 11091 | D:10     | Found a staircase to the Lair.
 11110 | D:10     | Reached skill level 11 in Staves
 11116 | D:10     | Learned a level 5 spell: Freezing Cloud
 11288 | D:10     | Noticed Psyche
 11302 | D:10     | Killed Psyche
 12020 | D:11     | Identified the +7 flail of the Inquisitive Dreams {speed,
                  | rN++ Str-2}
 12049 | D:11     | Reached XP level 11. HP: 42/57 MP: 10/26
 12051 | D:11     | Reached skill level 12 in Staves
 12213 | D:11     | Reached *** piety under Vehumet
 12220 | D:11     | Noticed a soul eater
 12407 | Lair:1   | Entered Level 1 of the Lair of Beasts
 12655 | Lair:1   | Noticed a boulder beetle
 12711 | Lair:1   | Found a runed translucent door.
 12711 | Lair:1   | Noticed gummybears's ghost (journeyman OpSh)
 12734 | Lair:1   | Reached skill level 13 in Staves
 12761 | Lair:1   | Offered knowledge of Frozen Ramparts by Vehumet.
 13406 | Lair:1   | Killed a boulder beetle
 13565 | Lair:1   | Reached skill level 14 in Staves
 13566 | Lair:1   | Reached skill level 1 in Air Magic
 13582 | Lair:1   | Reached skill level 1 in Ice Magic
 14033 | Lair:1   | Reached skill level 1 in Shields
 14144 | Lair:1   | Found a transporter.
 14146 | Lair:1   | Found a transporter.
 14147 | Lair:1   | Noticed a boulder beetle
 14147 | Lair:1   | Noticed a boulder beetle
 14810 | D:5      | Bought a potion of attraction for 36 gold pieces
 14810 | D:5      | Bought a scroll of enchant armour for 90 gold pieces
 14814 | D:5      | Bought a staff of air for 300 gold pieces
 15089 | Lair:2   | Found a staircase to the Shoals.
 15554 | Lair:2   | Reached XP level 12. HP: 56/62 MP: 27/27
 15792 | Lair:2   | Found a runed translucent gate.
 15793 | Lair:2   | Found a runed translucent gate.
 15794 | Lair:2   | Found a runed translucent gate.
 15797 | Lair:2   | Noticed asd2613's ghost (journeyman FoFi)
 15821 | Lair:2   | Reached skill level 5 in Shields
 16074 | Lair:2   | Found a hole to the Spider Nest.
 16090 | Lair:2   | Reached skill level 1 in Throwing
 16140 | Lair:2   | Noticed a seven-headed hydra
 16146 | Lair:2   | Killed a seven-headed hydra
 16146 | Lair:2   | Reached **** piety under Vehumet
 16858 | Lair:2   | Reached skill level 5 in Throwing
 17354 | D:11     | Noticed a two-headed ogre
 17359 | D:11     | Killed a two-headed ogre
 17410 | D:11     | HP: 4/85 [soul eater (13)]
 17695 | D:11     | Identified the +6 morningstar of Demand {flame, Fly rC+
                  | Will- rCorr}
 18070 | D:12     | Noticed a tengu warrior
 18087 | D:12     | Mangled by a skeletal warrior

Illustrated notes

Levels and vault maps discovered:
D:1:      lemuel_arrival_hallway, layout_basic
D:2:      layout_rooms, basic_ecumenical_altar
D:3:      minmay_goblin_kobold_castle, layout_loops_corners,
          grunt_temple_overflow_open, st_stairs_5
D:4:      layout_basic, mainiacjoe_overflow_alcove_1
D:5:      layout_rooms, minmay_temple_entry_glassed_door, kennysheep_crisscross,
          nicolae_specific_store, uniq_edmund, uniq_grinder
D:6:      layout_cave_pools, lemuel_crystal_altar, columned_hall_lemuel,
          minmay_misc_feat_alley, st_stairs_12
D:7:      layout_basic, grunt_qazlal_clouds
D:8:      layout_gridville, mainiacjoe_overflow_alcove_4,
          nicolae_overflow_squiral, onia_ninara_dug_in_and_dangerous,
          uniq_gastronok
D:9:      layout_roguey, slow_altar_2, nicolae_transporter_circle
D:10:     layout_cave_pods, nicolae_dithmenos_shadow_blocks, david_lair_generic,
          st_stairs_14, uniq_psyche
D:11:     cheibrodos_iron_armory, layout_basic, serial_demonic,
          serial_demonic_d, serial_demonic_e, serial_demonic_g,
          serial_demonic_f, gammafunk_ghost_necromancy, serial_shops, shop
D:12:     minmay_cornered_nines, layout_cave_pools, david_orc_2, st_stairs_12,
          minivault_1
Temple:   minmay_temple_bridge_abc
Lair:1:   gammafunk_boulding_lane, layout_cave_pods, gammafunk_ghost_grave,
          serial_rivers, chequers_serial_rivers_large_a,
          chequers_serial_rivers_micro_b, chequers_serial_rivers_small_a,
          chequers_serial_rivers_small_b, chequers_serial_rivers_micro_c,
          nzn_sisyphean_effort, serial_bayou_shore_a
Lair:2:   layout_roguey, minmay_shoals_entry_beasts,
          nicolae_spider_entry_orb_guardian, ebering_ghost_rock_garden,
          minmay_holes

Skill      XL: |  1  2  3  4  5  6  7  8  9 10 11 12 |
---------------+-------------------------------------+-----
Fighting       | 1 2 3 |  3.0
Stealth        | 3 4 |  4.0
Dodging        | 3 4 6 |  6.0
Conjurations   | 6 7 |  7.0
Translocations | 3 4 |  4.0
Evocations     | 4 5 6 |  6.2
Spellcasting   | 9 |  9.0
Hexes          | 2 5 |  5.0
Staves         | 7 11 14 | 14.0
Air Magic      | 2 |  2.0
Ice Magic      | 3 |  3.0
Shields        | 4 5 |  5.0
Throwing       | 6 |  6.0

Action                     |  1- 3 |  4- 6 |  7- 9 | 10-12 || total
---------------------------+-------+-------+-------+-------++-------
  Melee: Quarterstaff      |     1 |    54 |   106 |    84 ||   245
         Staff             |       |       |       |    50 ||    50
         Flail             |       |       |       |    31 ||    31
   Cast: Magic Dart        |    42 |    48 |    47 |    79 ||   216
         Searing Ray       |    14 |    26 |    50 |    94 ||   184
         Iskenderun's Myst |       |       |    24 |   137 ||   161
         Dazzling Flash    |       |       |     3 |     1 ||     4
         Blink             |       |       |       |     4 ||     4
         Freezing Cloud    |       |       |       |     5 ||     5
  Evoke: Wand              |       |       |     4 |    11 ||    15
    Use: Scroll            |     4 |     1 |    13 |    12 ||    30
         Potion            |       |     1 |     2 |    14 ||    17
   Stab: Sleeping          |     1 |     1 |     1 |     2 ||     5
 Armour: Robe              |     6 |    60 |    62 |   157 ||   285
         Skin              |       |       |       |    25 ||    25
  Dodge: Dodged            |    15 |   142 |   194 |   209 ||   560
  Block: Other             |       |       |       |    23 ||    23
         Reflection        |       |       |       |     9 ||     9
         Buckler           |       |       |       |    65 ||    65
